 Dungeon Crawl Stone Soup version 0.21.0 (webtiles) character file.

304106 MTVSty1e the Severer (level 21, 0/140 HPs)
             Began as a Gargoyle Monk on Jan 7, 2018.
             Was the Champion of Okawaru.
             Splashed by an acid blob's acid (2 damage)
             ... on level 4 of the Pits of Slime.
             The game lasted 01:40:05 (38278 turns).

MTVSty1e the Severer (Gargoyle Monk)               Turns: 38278, Time: 01:40:06

Health: 0/140      AC: 28    Str: 19    XL:     21   Next: 10%
Magic:  34/43      EV: 11    Int: 15    God:    Okawaru [******]
Gold:   1691       SH: 22    Dex: 14    Spells: 12/20 levels left

rFire    + + +     SeeInvis +   I - +7 war axe of Immony {chop, rF+ MR++}
rCold    + . .     Gourm    .   N - +3 shield {reflect}
rNeg     + . .     Faith    .   Y - +2 plate armour {rF+}
rPois    ∞         Spirit   .   t - +2 helmet of Fortitude {MR+ SInv}
rElec    +         Reflect  +   B - -4 cloak of the Valley of Death {rC+ MR+ rCorr Int-4}
rCorr    +         Harm     .   L - +2 pair of gloves "Utebigh" {Int+4 Dex+2}
MR       +++++                  X - +2 pair of boots {run}
Stlth    ..........             w - amulet of regeneration
HPRegen  0.73/turn              E - ring "Ugefenw Kuixt" {*Corrode +Inv rPois rF++ MR+}
MPRegen  0.28/turn              F - ring of magical power

@: heroism, finesse, corroded, studying Evocations, quick
A: big wings, iridescent scales 1, large bone plates 1, blurry vision 1, clever
1, high mp 1, negative energy resistance 1, screaming 2, electricity resistance,
weak 2, unbreathing, petrification resistance, rot immunity, AC +16
}: 2/15 runes: decaying, gossamer
a: Fly, Heroism, Finesse, Renounce Religion, Evoke Invisibility


You were on level 4 of the Pits of Slime.
You worshipped Okawaru.
Okawaru was exalted by your worship.
You were not hungry.

You visited 8 branches of the dungeon, and saw 40 of its levels.
You also visited: Labyrinth and Sewer.

You collected 3238 gold pieces.
You spent 1547 gold pieces at shops.

Inventory:

Hand Weapons
 x - a +9 broad axe of flaming
 I - the +7 war axe of Immony (weapon) {chop, rF+ MR++}
   (You found it on level 14 of the Dungeon)

   It inflicts extra damage upon your enemies.
   It protects you from fire.
   It affects your resistance to hostile enchantments.
 T - a +9 broad axe of freezing
Armour
 e - the +4 plate armour "Eshratru" {rCorr}
   (Okawaru gifted it to you on level 3 of the Pits of Slime)

   It protects you from acid and corrosion.
 t - the +2 helmet of Fortitude (worn) {MR+ SInv}
   (Okawaru gifted it to you on level 2 of the Swamp)

   It affects your resistance to hostile enchantments.
   It lets you see invisible.
 B - the -4 cloak of the Valley of Death (worn) {rC+ MR+ rCorr Int-4}
   (You found it on level 3 of the Spider Nest)

   It affects your intelligence (-4).
   It protects you from cold.
   It affects your resistance to hostile enchantments.
   It protects you from acid and corrosion.
 L - the +2 pair of gloves "Utebigh" (worn) {Int+4 Dex+2}
   (You found it in a labyrinth)

   It affects your intelligence (+4).
   It affects your dexterity (+2).
 N - a +3 shield of reflection (worn)
 V - a scarf of repulsion
 X - a +2 pair of boots of running (worn)
 Y - a +2 plate armour of fire resistance (worn)
Jewellery
 a - an uncursed ring of protection from fire
 f - an uncursed ring of positive energy
 w - an amulet of regeneration (around neck)
 E - the ring "Ugefenw Kuixt" (left hand) {*Corrode +Inv rPois rF++ MR+}
   (You found it on level 5 of the Dungeon)

   [ring of protection from magic]

   It greatly protects you from fire.
   It protects you from poison.
   It affects your resistance to hostile enchantments.
   It lets you turn invisible.
   It may corrode you when you take damage.
 F - a ring of magical power (right hand)
 W - an uncursed ring of protection from magic
Wands
 l - a wand of enslavement (34)
 u - a wand of disintegration (37)
 A - a wand of scattershot (4)
 C - a wand of iceblast (40)
 G - a wand of digging (27)
 P - a wand of paralysis (25)
 Z - a wand of polymorph (12)
Scrolls
 n - a scroll of enchant armour
 q - 2 scrolls of fog
 r - 17 scrolls of remove curse
 s - 6 scrolls of magic mapping
 v - 5 scrolls of identify
 y - 3 scrolls of fear
 D - 2 scrolls of silence
 H - 7 scrolls of teleportation
 S - 4 scrolls of amnesia
 U - 2 scrolls of enchant weapon
Potions
 g - 16 potions of curing
 h - 5 potions of ambrosia
 i - 6 potions of lignification
 j - 5 potions of cancellation
 k - 2 potions of berserk rage
 m - 9 potions of magic
 o - 4 potions of brilliance
 z - 4 potions of haste
 O - 6 potions of agility
 Q - 3 potions of resistance
Books
 b - a book of Alchemy

   Spells                             Type                      Level
   a - Sublimation of Blood           Necromancy                   2
   b - Ignite Poison                  Fire/Transmutation/Poison    3
   c - Petrify                        Transmutation/Earth          4
   d - Alistair's Intoxication        Transmutation/Poison         5
   e - Irradiate                      Conjuration/Transmutation    5
 K - Kiref's Incunabulum of Supportive Poisoning
   (You found it on level 3 of the Elven Halls)

   Spells                             Type                      Level
   a - Sting                          Conjuration/Poison           1
   b - Summon Butterflies             Summoning                    1
   c - Summon Small Mammal            Summoning                    1
   d - Summon Mana Viper              Hexes/Summoning              5
   e - Summon Demon                   Summoning                    5
   f - Spellforged Servitor           Conjuration/Summoning        7
 M - a manual of Evocations
Comestibles
 c - 28 rations


   Skills:
 + Level 17.6(22.6) Fighting
 * Level 20.3(25.3) Axes
 + Level 14.0(19.0) Armour
 + Level 3.2(8.2) Dodging
 - Level 2.1(7.1) Stealth
 + Level 14.0(19.0) Shields
 + Level 9.7 Translocations
 + Level 13.3 Invocations


You had 12 spell levels left.
You knew the following spells:

 Your Spells              Type           Power        Failure   Level  Hunger
a - Controlled Blink      Tloc           N/A          100%        8    #######


Dungeon Overview and Level Annotations

Branches:
Dungeon (15/15)            Temple (1/1) D:5            Lair (6/6) D:9
  Swamp (4/4) Lair:2       Spider (4/4) Lair:2        Slime (5/5) Lair:6
    Orc (2/2) D:12            Elf (3/3) Orc:2        Vaults (0/5) D:13
 Depths (0/5) D:15

Altars:
Cheibriados
Dithmenos
Elyvilon
Fedhas
Hepliaklqana
Kikubaaqudgha
Nemelex Xobeh
Okawaru
Qazlal
Uskayaw
Vehumet
Wu Jian
Xom
Yredelemnul
The Shining One
Beogh
Jiyva

Shops:
D:5 (   D:8 ?   D:10 *   D:13 ?   D:14 %   Orc:2 *(=%   Elf:1 *   Elf:2 ?[


Innate Abilities, Weirdness & Mutations

You are resistant to torment.
Your stone body is resilient. (AC +16)
You are immune to poison.
Your large and strong wings let you fly indefinitely.
You resist negative energy. (rN+)
You are resistant to electric shocks. (rElec)
You can survive without breathing.
You are immune to petrification.
You are immune to rotting.
You are partially covered in iridescent scales. (AC +2)
You are partially covered in large bone plates. (SH +4)
Scrolls take you a little longer to read.
Your mind is acute. (Int +2)
You have an increased reservoir of magic. (+10% MP)
You sometimes yell uncontrollably at your foes.
You are very weak. (Str -4)


Message History

You block the azure jelly's attack. x2
The azure jelly hits you but does no damage.
You block the azure jelly's attack. The acid blob closely misses you.
You block the acid blob's attack.
You begin reading the scroll.
You continue reading the scroll.
You block the acid blob's attack. The acid blob hits you!
* * * LOW HITPOINT WARNING * * *
The acid corrodes you!
You are splashed with acid!
The acid burns!
You resist.
* * * LOW HITPOINT WARNING * * *
The azure jelly barely misses you. You block the azure jelly's attack. x2
The azure jelly hits you but does no damage.
The acid blob hits you but does no damage.
As you read the scroll of fear, it crumbles to dust.
You assume a fearsome visage.
The azure jelly looks frightened!
The acid blob easily resists.
The acid blob resists with almost no effort. x2
You feel better. The acid blob hits you!
* * * LOW HITPOINT WARNING * * *
You are splashed with acid!
The acid burns!
You resist.
You die...

#...## ..## #...#
###...# #...# ####.##.##
#...# ###.#......#
#...###......#...##
#....#.......#....##
#...........#....#.##
###.........JJ........#
##..........J@........##
#...........J..#.....##
##.......#....#......#
###.##..............####
##.##.#.<.........##.##
.....................##
#.#.........#....##...##
####..#..###........>..#
#.....# #..........##


You could see 3 acid blobs and an azure jelly (fleeing).

Vanquished Creatures
  the Royal Jelly (Slime:5)
  Bai Suzhen (Spider:4)
  Arachne (Spider:3)
  11 acid blobs
  Agnes (Elf:2)
  Donald (Spider:4)
  5 thorn hunters
  Roxanne (D:14)
  11 azure jellies
  6 emperor scorpions
  3 ghost moths (Spider:4)
  An orc warlord (Orc:2)
  10 deep elf sorcerers
  7 deep elf elementalists (Elf:3)
  4 entropy weavers
  A stone giant (Orc:1)
  Nessos (D:15)
  3 deep elf demonologists (Elf:3)
  2 spark wasps (Spider:4)
  4 deep elf annihilators (Elf:3)
  Snorg (Orc:2)
  A minotaur (Lab)
  5 deep elf high priests (Elf:3)
  6 deep elf death magi (Elf:3)
  5 death oozes (Slime:5)
  4 vault guards (D:13)
  Josephine (D:12)
  20 hydras
  A fire dragon (Lair:6)
  2 great orbs of eyes (Slime:5)
  Fannar (Lair:1)
  Harold (Lair:1)
  A catoblepas (D:14)
  3 centaur warriors
  Erica (Lair:1)
  A ghost crab (Swamp:3)
  21 dancing weapons
  3 death yaks (Lair:5)
  2 tengu warriors (D:14)
  A death knight (D:11)
  8 two-headed ogres
  16 alligators
  A deep troll earth mage (D:11)
  A vampire mage (D:15)
  5 orc high priests
  6 spriggans
  8 deep elf knights
  6 skeletal warriors
  3 unseen horrors
  A glowing orange brain (Slime:5)
  2 wizards
  4 shambling mangroves
  8 swamp dragons (Swamp:4)
  5 lindwurms
  10 deep elf archers
  2 necromancers
  An obsidian statue (D:10)
  4 orc knights
  28 wolf spiders
  37 deep elf magi
  14 orb spiders
  9 ugly things
  A mana viper (shapeshifter) (Elf:3)
  5 orc sorcerers (Orc:2)
  5 moths of wrath
  5 manticores
  A fire giant zombie (D:15)
  An iron dragon zombie (D:15)
  5 shining eyes
  6 cyclopes
  Joseph (D:7)
  18 elephants
  An eye of devastation (Slime:4)
  Maurice (D:10)
  3 molten gargoyles (Lair:6)
  An ice statue (D:10)
  21 spiny frogs
  4 gargoyles
  4 black mambas
  A torpor snail (Spider:1)
  4 rime drakes
  13 komodo dragons
  6 yaktaurs
  A freezing wraith (D:15)
  9 demonic crawlers
  A swamp worm zombie (Swamp:1)
  An efreet (D:15)
  A guardian mummy (D:15)
  A yaktaur skeleton (D:15)
  2 tengu conjurers
  A queen bee (Lair:1)
  10 trolls
  31 jumping spiders
  26 hornets
  A meliai (D:13)
  Grinder (D:6)
  A small abomination (Elf:3)
  A polar bear (Lair:5)
  6 tyrant leeches
  A fire dragon zombie (D:15)
  6 bog bodies
  10 blink frogs
  50 slime creatures
  4 dream sheep (Lair:6)
  7 hippogriffs
  A meliai zombie (D:15)
  An alligator zombie (Swamp:1)
  5 shadows
  73 redbacks
  3 air elementals
  5 water elementals
  A vampire (D:13)
  6 wraiths
  14 wyverns
  55 yaks
  11 basilisks
  27 tarantellas
  4 fire elementals
  A human (D:7)
  2 steam dragons
  4 hogs (D:7)
  3 golden eyes
  21 vampire mosquitoes
  10 insubstantial wisps (Swamp:2)
  3 wargs
  20 swamp worms
  Duvessa (D:7)
  Edmund (D:6)
  A floating eye (Slime:5)
  5 hell hounds (Lair:6)
  13 water moccasins
  8 porcupines
  51 orc warriors
  A phantom (D:11)
  9 swamp drakes
  2 sky beasts
  4 black bears
  3 hornet zombies
  An ice beast (D:15)
  11 wolves
  6 eyes of draining
  A necrophage (D:9)
  21 ogres
  A boggart (Elf:1)
  13 centaurs
  12 crocodiles
  A komodo dragon zombie (Swamp:1)
  7 big kobolds
  24 bullfrogs
  A gnoll sergeant (D:12)
  A wyvern zombie (D:11)
  2 earth elementals (Elf:1)
  A wyvern skeleton (D:7)
  Dowan (D:7)
  A water moccasin zombie (Swamp:1)
  7 scorpions
  39 killer bees
  4 howler monkeys
  An electric eel (Spider:4)
  4 lava snakes (Lair:6)
  11 crimson imps
  37 orc priests
  A bullfrog zombie (D:13)
  2 centaur zombies
  8 jellies
  6 bullfrog skeletons
  A quasit (D:10)
  6 centaur skeletons
  8 hounds
  29 orc wizards
  3 iguanas
  12 worker ants
  A crocodile zombie (Swamp:1)
  A hound zombie (D:8)
  2 hound skeletons
  A worker ant zombie (D:10)
  3 gnolls (D:12)
  A howler monkey skeleton (D:5)
  19 adders
  A river rat (Sewer)
  5 shadow imps
  9 oozes
  An adder zombie (D:8)
  4 worms
  5 leopard geckos
  135 orcs
  3 ball pythons
  6 giant cockroaches
  4 goblins
  5 hobgoblins
  10 jackals
  15 kobolds
  6 quokkas
  A ball python skeleton (D:6)
  6 bats
  6 frilled lizards
  A quokka skeleton (D:9)
  A quokka zombie (D:6)
  11 rats
  12 briar patches
  4 crawling corpses (Elf:3)
  2 fungi
  4 plants
  A withered plant (D:15)
1553 creatures vanquished.

Vanquished Creatures (others)
  A deep elf annihilator (Elf:3)
  A dancing weapon (Elf:2)
  A deep elf archer (Elf:3)
  A deep elf mage (Elf:3)
  A jumping spider (Spider:4)
  A bog body (Swamp:3)
  An orc warrior (Orc:2)
  A phantom (D:5)
  A lava snake (Lair:6)
  An orc (D:8)
  A quokka (D:8)
  A briar patch (Swamp:3)
  3 fungi
15 creatures vanquished.

Grand Total: 1568 creatures vanquished

Notes
Turn   | Place    | Note
-------+----------+-------------------------------------------
     0 | D:1      | MTVSty1e the Gargoyle Monk began the quest for the Orb.
     0 | D:1      | Reached XP level 1. HP: 14/14 MP: 1/1
   126 | D:1      | Reached skill level 3 in Axes
   126 | D:1      | Reached XP level 2. HP: 19/19 MP: 2/2
   415 | D:1      | Reached skill level 1 in Armour
   906 | D:2      | Reached XP level 3. HP: 23/23 MP: 3/3
  1039 | D:2      | Reached skill level 1 in Shields
  1048 | D:2      | Found a hide-covered altar of Uskayaw.
  1173 | D:2      | Reached XP level 4. HP: 21/29 MP: 4/4
  1521 | D:3      | Found a glowing drain.
  1663 | Sewer    | Entered a sewer
  1935 | Sewer    | Noticed a big kobold
  1954 | Sewer    | Killed a big kobold
  1954 | Sewer    | Reached skill level 4 in Axes
  1954 | Sewer    | Reached XP level 5. HP: 25/33 MP: 5/5
  3082 | D:4      | Noticed a phantom
  3208 | D:4      | Reached XP level 6. HP: 26/39 MP: 6/6
  4423 | D:5      | Entered Level 5 of the Dungeon
  4451 | D:5      | Killed a phantom
  4451 | D:5      | Reached XP level 7. HP: 24/44 MP: 7/7
  4459 | D:5      | Reached skill level 5 in Axes
  4645 | D:5      | Found Toiqos's Antique Weapon Shop.
  4686 | D:5      | Bought a runed broad axe for 182 gold pieces
  4746 | D:5      | Reached skill level 5 in Fighting
  4991 | D:5      | Found a staircase to the Ecumenical Temple.
  4997 | Temple   | Entered the Ecumenical Temple
  5033 | Temple   | Became a worshipper of Warmaster Okawaru
  5033 | Temple   | Reached * piety under Okawaru
  5033 | Temple   | Reached ** piety under Okawaru
  5186 | D:5      | Got a faintly glowing helmet
  5197 | D:5      | Identified the +2 helmet "Othises" {rN+} (You found it on level 5 of the Dungeon)
  5209 | D:5      | Reached skill level 1 in Invocations
  5213 | D:5      | Got a bound platinum ring
  5215 | D:5      | Identified the ring "Ugefenw Kuixt" {*Corrode +Inv rPois rF++ MR+} (You found it on level 5 of the Dungeon)
  5380 | D:6      | Reached XP level 8. HP: 50/50 MP: 8/8
  5467 | D:6      | Reached skill level 6 in Axes
  5576 | D:6      | Noticed Grinder
  5587 | D:6      | Killed Grinder
  5991 | D:6      | Noticed Edmund
  6012 | D:6      | Killed Edmund
  6012 | D:6      | Reached *** piety under Okawaru
  6012 | D:6      | Reached skill level 7 in Axes
  6286 | D:7      | Reached XP level 9. HP: 47/56 MP: 11/11
  6457 | D:7      | Received a gift from Okawaru
  6458 | D:7      | Reached skill level 8 in Axes
  6571 | D:7      | Reached skill level 5 in Invocations
  6679 | D:7      | Reached **** piety under Okawaru
  6685 | D:7      | Noticed a cyan ugly thing
  6698 | D:7      | Killed a cyan ugly thing
  6891 | D:7      | Noticed Duvessa
  6891 | D:7      | Noticed Dowan
  6900 | D:7      | Killed Dowan
  6900 | D:7      | Reached skill level 9 in Axes
  6906 | D:7      | Killed Duvessa
  7044 | D:7      | Noticed Joseph
  7056 | D:7      | Killed Joseph
  7056 | D:7      | Reached XP level 10. HP: 60/64 MP: 12/14
  7533 | D:8      | Noticed a two-headed ogre
  7542 | D:8      | Killed a two-headed ogre
  7594 | D:8      | Found Kameraup's Magic Scroll Boutique.
  7682 | D:8      | Reached ***** piety under Okawaru
  7764 | D:8      | Reached skill level 10 in Axes
  7873 | D:8      | Found a radiant altar of Vehumet.
  8663 | D:9      | Noticed a cyclops
  8665 | D:9      | Killed a cyclops
  8665 | D:9      | Received a gift from Okawaru
  8665 | D:9      | Reached skill level 11 in Axes
  8665 | D:9      | Reached XP level 11. HP: 64/72 MP: 15/15
  8679 | D:9      | Noticed a cyan ugly thing
  8689 | D:9      | Killed a cyan ugly thing
  8689 | D:9      | Reached skill level 10 in Fighting
  9164 | D:9      | Found a glowing golden altar of the Shining One.
  9282 | D:9      | Found a staircase to the Lair.
  9295 | Lair:1   | Entered Level 1 of the Lair of Beasts
  9365 | Lair:1   | Noticed Harold
  9381 | Lair:1   | Killed Harold
  9381 | Lair:1   | Reached skill level 12 in Axes
  9428 | Lair:1   | Received a gift from Okawaru
  9588 | Lair:1   | Noticed a six-headed hydra
  9597 | Lair:1   | Killed a two-headed hydra
  9597 | Lair:1   | Reached XP level 12. HP: 71/80 MP: 13/16
  9638 | Lair:1   | Noticed Fannar
  9647 | Lair:1   | Reached skill level 13 in Axes
  9649 | Lair:1   | Killed Fannar
  9690 | Lair:1   | Noticed a seven-headed hydra
  9697 | Lair:1   | Killed a three-headed hydra
  9725 | Lair:1   | Noticed Erica
  9729 | Lair:1   | Killed Erica
 10285 | Lair:2   | Noticed a four-headed hydra
 10295 | Lair:2   | Killed a one-headed hydra
 10300 | Lair:2   | Found a hole to the Spider Nest.
 10476 | Lair:2   | Found a staircase to the Swamp.
 10510 | Lair:2   | Got a polished flail
 10698 | Lair:2   | Gained mutation: You have sharp toenails. [potion of mutation]
 10698 | Lair:2   | Gained mutation: You do not regenerate when monsters are visible. [potion of mutation]
 10698 | Lair:2   | Gained mutation: You are partially covered in iridescent scales. (AC +2) [potion of mutation]
 10698 | Lair:2   | Gained mutation: You have an increased reservoir of magic. (+10% MP) [potion of mutation]
 10699 | Lair:2   | Lost mutation: You do not regenerate when monsters are visible. [potion of mutation]
 10699 | Lair:2   | Lost mutation: You have sharp toenails. [potion of mutation]
 10699 | Lair:2   | Gained mutation: You are partially covered in large bone plates. (SH +4) [potion of mutation]
 10699 | Lair:2   | Gained mutation: You have a pair of small horns on your head. [potion of mutation]
 10699 | Lair:2   | Gained mutation: You are partially covered in icy blue scales. (AC +2) [potion of mutation]
 11186 | Lair:3   | Reached ****** piety under Okawaru
 11197 | Lair:3   | Noticed an eight-headed hydra
 11206 | Lair:3   | Killed a three-headed hydra
 11206 | Lair:3   | Received a gift from Okawaru
 11206 | Lair:3   | Reached skill level 14 in Axes
 11222 | Lair:3   | Identified the +4 flail "Koeson" {venom, rElec rN+ Str-2} (You found it on level 2 of the Lair of Beasts)
 11875 | Lair:4   | Reached XP level 13. HP: 83/87 MP: 19/19
 12505 | Lair:5   | Reached skill level 5 in Armour
 12640 | Lair:5   | Reached skill level 5 in Shields
 12669 | Lair:5   | Reached skill level 15 in Axes
 12676 | Lair:5   | Received a gift from Okawaru
 13300 | Lair:5   | Gained mutation: Your large and strong wings let you fly indefinitely. [Gargoyle growth]
 13300 | Lair:5   | Reached XP level 14. HP: 90/94 MP: 20/20
 13624 | Lair:6   | Entered Level 6 of the Lair of Beasts
 13630 | Lair:6   | Found a staircase to the Slime Pits.
 13771 | Lair:6   | Received a gift from Okawaru
 13969 | Lair:6   | Reached skill level 16 in Axes
 14855 | Lair:6   | Found a large runed door.
 14857 | Lair:6   | Found a large runed door.
 14974 | Lair:6   | Received a gift from Okawaru
 15380 | D:10     | Entered Level 10 of the Dungeon
 15621 | D:10     | Found Kaaptu's Assorted Antiques.
 15629 | D:10     | Bought an onyx ring for 120 gold pieces
 15629 | D:10     | Bought a shiny plate armour for 624 gold pieces
 15663 | D:10     | Noticed Maurice
 15673 | D:10     | Killed Maurice
 15718 | D:10     | Reached XP level 15. HP: 101/101 MP: 22/22
 15812 | D:10     | Found a hide-covered altar of Uskayaw.
 17152 | D:12     | Noticed Josephine
 17160 | D:12     | Killed Josephine
 17244 | D:12     | Received a gift from Okawaru
 17245 | D:12     | Found a staircase to the Orcish Mines.
 17744 | D:13     | Found Tyeg's Magic Scroll Emporium.
 17744 | D:13     | Found a labyrinth entrance.
 17757 | Lab      | Entered a labyrinth
 18538 | Lab      | Found the +4 dagger "Morg" {pain, MR+ Int+5}
 18554 | Lab      | Identified the Almanac of Aid
 18560 | Lab      | Identified the Tome of Dislocated Transmigration
 18565 | Lab      | Identified the +2 pair of gloves "Utebigh" {Int+4 Dex+2} (You found it in a labyrinth)
 18625 | Lab      | Learned a level 8 spell: Controlled Blink
 18715 | D:13     | You fall through a shaft for 2 floors!
 18715 | D:15     | Entered Level 15 of the Dungeon
 18715 | D:15     | Found a staircase to the Depths.
 18737 | D:15     | Reached skill level 1 in Translocations
 18789 | D:15     | Reached skill level 17 in Axes
 18852 | D:15     | Noticed Nessos
 18896 | D:15     | Killed Nessos
 18917 | D:15     | Paralysed by a wizard for 7 turns
 19517 | D:14     | Found Ricocs Ciqu's Food Emporium.
 19758 | D:14     | Noticed Roxanne
 19769 | D:14     | Reached XP level 16. HP: 107/107 MP: 24/24
 19785 | D:14     | Killed Roxanne
 19785 | D:14     | Reached skill level 15 in Fighting
 19786 | D:14     | Identified Roxanne's Tome of Transmigration (You took it off Roxanne on level 14 of the Dungeon)
 19798 | D:14     | Got an iridescent war axe
 19799 | D:14     | Identified the +7 war axe of Immony {chop, rF+ MR++} (You found it on level 14 of the Dungeon)
 19830 | D:14     | Received a gift from Okawaru
 20424 | D:13     | Found a gate to the Vaults.
 20449 | D:13     | Reached skill level 10 in Armour
 20456 | D:13     | Reached skill level 10 in Shields
 20793 | D:13     | Found a shadowy altar of Dithmenos.
 21310 | D:15     | Found a radiant altar of Vehumet.
 21413 | D:15     | Identified the Collected Works on Self-Improvement and Attacks
 21701 | Orc:1    | Entered Level 1 of the Orcish Mines
 22148 | Orc:2    | Entered Level 2 of the Orcish Mines
 22225 | Orc:1    | Found a roughly hewn altar of Beogh.
 22532 | Orc:2    | Noticed Snorg
 22543 | Orc:2    | Killed Snorg
 22617 | Orc:2    | Found a roughly hewn altar of Beogh.
 22744 | Orc:2    | Found Qorrah's Jewellery Boutique.
 22759 | Orc:2    | Found Qucoeg's Food Shop.
 23248 | Orc:2    | Found a staircase to the Elven Halls.
 23437 | Orc:2    | Found a roughly hewn altar of Beogh.
 23476 | Orc:2    | Found Kymoasagg's Antique Weapon Shop.
 23508 | Orc:2    | Found Kuploed's Assorted Antiques.
 23691 | Orc:2    | Received a gift from Okawaru
 24377 | Orc:2    | Bought a potion of mutation for 208 gold pieces
 24377 | Orc:2    | Bought a glowing broad axe for 182 gold pieces
 24377 | Orc:2    | Bought a pair of glowing boots for 195 gold pieces
 24388 | Orc:2    | Identified a +2 pair of boots of running (You bought it in a shop on level 2 of the Orcish Mines)
 24389 | Orc:2    | Lost mutation: You have a pair of small horns on your head. [potion of mutation]
 24389 | Orc:2    | Lost mutation: You are partially covered in icy blue scales. (AC +2) [potion of mutation]
 24389 | Orc:2    | Lost mutation: You are partially covered in large bone plates. (SH +4) [potion of mutation]
 24389 | Orc:2    | Gained mutation: Your mind is acute. (Int +2) [potion of mutation]
 24389 | Orc:2    | Gained mutation: You are weak. (Str -2) [potion of mutation]
 24389 | Orc:2    | Gained mutation: You are partially covered in large bone plates. (SH +4) [potion of mutation]
 24648 | Spider:1 | Entered Level 1 of the Spider Nest
 24767 | Spider:1 | Reached XP level 17. HP: 65/113 MP: 26/26
 25024 | Spider:1 | Reached skill level 18 in Axes
 25354 | Spider:1 | Reached skill level 5 in Translocations
 25478 | Spider:1 | Received a gift from Okawaru
 25493 | Spider:1 | Reached skill level 10 in Invocations
 25530 | Spider:1 | You fall through a shaft!
 25853 | Spider:2 | Identified the cursed +0 ring mail of Gomp {Stlth+} (You found it on level 2 of the Spider Nest)
 26926 | Spider:3 | Received a gift from Okawaru
 26929 | Spider:3 | Got an encrusted chain mail {god gift}
 26953 | Spider:3 | Identified the +1 chain mail of the Doge {+Inv} (Okawaru gifted it to you on level 3 of the Spider Nest)
 27005 | Spider:3 | Noticed Arachne
 27029 | Spider:3 | Killed Arachne
 27082 | Spider:3 | Got a distressingly furry cloak
 27087 | Spider:3 | Identified the cursed -4 cloak of the Valley of Death {rC+ MR+ rCorr Int-4} (You found it on level 3 of the Spider Nest)
 27829 | Spider:4 | Entered Level 4 of the Spider Nest
 28229 | Spider:4 | Noticed Bai Suzhen
 28263 | Spider:4 | Killed Bai Suzhen
 28564 | Spider:4 | Noticed Donald
 28572 | Spider:4 | Reached XP level 18. HP: 114/120 MP: 28/28
 28597 | Spider:4 | Killed Donald
 28693 | Spider:4 | Received a gift from Okawaru
 28704 | Spider:4 | Identified the +0 ring mail "Wissit" {rElec Str-5 Dex+10 Stlth+} (Okawaru gifted it to you on level 4 of the Spider Nest)
 28918 | Spider:4 | Got a gossamer rune of Zot
 29294 | Swamp:1  | Entered Level 1 of the Swamp
 30160 | Swamp:2  | Reached skill level 19 in Axes
 30268 | Swamp:2  | Received a gift from Okawaru
 30271 | Swamp:2  | Got a dazzling helmet {god gift}
 30282 | Swamp:2  | Identified the +2 helmet of Fortitude {MR+ SInv} (Okawaru gifted it to you on level 2 of the Swamp)
 31079 | Swamp:3  | Reached XP level 19. HP: 127/127 MP: 30/30
 31495 | Swamp:4  | Entered Level 4 of the Swamp
 31854 | Swamp:4  | Got a decaying rune of Zot
 32628 | Elf:1    | Entered Level 1 of the Elven Halls
 32815 | Elf:1    | Found Oruumut's Assorted Antiques.
 32847 | Elf:1    | Received a gift from Okawaru
 33114 | Elf:1    | Found a radiant altar of Vehumet.
 33784 | Elf:2    | Found Copnonug's Magic Scroll Boutique.
 33793 | Elf:2    | Bought a scroll of identify for 36 gold pieces
 33957 | Elf:2    | Received a gift from Okawaru
 33969 | Elf:2    | Found Miph's Antique Armour Shoppe.
 34180 | Elf:2    | Found a runed gate.
 34180 | Elf:2    | Found a runed gate.
 34182 | Elf:2    | Found a runed gate.
 34241 | Elf:2    | Noticed Agnes
 34254 | Elf:2    | Killed Agnes
 34435 | Elf:2    | Received a gift from Okawaru
 34643 | Elf:3    | Entered Level 3 of the Elven Halls
 34703 | Elf:3    | Reached XP level 20. HP: 134/134 MP: 32/32
 35245 | Elf:3    | Noticed a Tzitzimitl
 35532 | Elf:3    | Got a faintly glowing morningstar {venom}
 35545 | Elf:3    | Reached skill level 20 in Axes
 35556 | Elf:3    | Received a gift from Okawaru
 35748 | Elf:3    | Identified Kiref's Incunabulum of Supportive Poisoning
 35789 | Elf:3    | Identified the +4 morningstar "Yfuyroykag" {venom, rElec rF- MR+ Dex+3} (You took it off a deep elf elementalist on level 3 of the Elven Halls)
 35795 | Elf:3    | Identified the cursed +1 mace of Valour {crush, Str+2} (You found it on level 3 of the Elven Halls)
 35828 | Elf:3    | Identified Sif Muna's Disquisition on Flames and Curses
 36192 | Elf:3    | Noticed a Brimstone Fiend
 36691 | Slime:1  | Entered Level 1 of the Pits of Slime
 37112 | Slime:2  | Gained mutation: You occasionally shout uncontrollably at your foes. [a shining eye]
 37287 | Slime:3  | Received a gift from Okawaru
 37290 | Slime:3  | Got a pitted plate armour {god gift}
 37291 | Slime:3  | Identified the +4 plate armour "Eshratru" {rCorr} (Okawaru gifted it to you on level 3 of the Pits of Slime)
 37626 | Slime:4  | Gained mutation: You are very weak. (Str -4) [a shining eye]
 37640 | Slime:4  | Gained mutation: Scrolls take you a little longer to read. [a shining eye]
 37651 | Slime:4  | Gained mutation: You sometimes yell uncontrollably at your foes. [a shining eye]
 37867 | Slime:5  | Entered Level 5 of the Pits of Slime
 38043 | Slime:5  | Found a viscous altar of Jiyva.
 38044 | Slime:5  | Noticed the Royal Jelly
 38071 | Slime:5  | Killed the Royal Jelly
 38071 | Slime:5  | Reached XP level 21. HP: 70/140 MP: 34/34
 38277 | Slime:4  | HP: 4/140 [acid blob (12)]
 38277 | Slime:4  | HP: 1/140 [acid (3)]
 38278 | Slime:4  | Splashed by an acid blob's acid

Skill      XL: |  1  2  3  4  5  6  7  8  9 10 11 12 13 14 15 16 17 18 19 20 |
---------------+-------------------------------------------------------------+-----
Axes           | 3 4 5 7 9 11 12 14 15 16 17 18 19 20 | 20.3
Armour         | 1 2 3 6 8 9 10 11 12 13 14 | 14.0
Shields        | 1 2 3 6 8 9 10 11 12 13 14 | 14.0
Fighting       | 4 5 6 8 9 11 12 13 14 15 16 17 | 17.6
Invocations    | 1 3 6 8 9 10 11 12 13 | 13.3
Translocations | 2 4 6 7 8 9 |  9.7
Dodging        | 3 |  3.2
Stealth        | |  2.1

Action                   |  1- 3 |  4- 6 |  7- 9 | 10-12 | 13-15 | 16-18 | 19-21 || total
-------------------------+-------+-------+-------+-------+-------+-------+-------++-------
Melee: Hand axe          |   129 |   387 |    16 |       |       |       |       ||   532
       Broad axe         |       |       |   167 |   453 |   990 |  1552 |   163 ||  3325
       Headbutt          |       |       |       |    13 |   224 |   117 |       ||   354
       War axe           |       |       |       |       |       |       |   808 ||   808
Invok: Heroism           |       |       |     3 |     6 |     8 |    16 |    16 ||    49
       Finesse           |       |       |       |       |       |       |     4 ||     4
 Abil: Fly               |       |       |       |       |       |     3 |       ||     3
       Stop Flying       |       |       |       |       |       |     2 |     1 ||     3
Evoke: Wand              |       |       |       |       |       |     1 |       ||     1
  Use: Scroll            |       |     8 |     2 |    19 |    11 |     9 |    15 ||    64
       Potion            |       |     1 |       |     4 |     1 |     2 |    11 ||    19
 Stab: Sleeping          |     2 |       |       |       |       |       |       ||     2
       Distracted        |       |       |       |       |       |     1 |       ||     1
  Eat: Chunk             |       |     2 |     1 |     6 |       |     1 |       ||    10
       Ration            |       |     3 |     2 |     3 |     8 |    10 |     7 ||    33
Armor: Robe              |     2 |       |       |       |       |       |       ||     2
       Chain mail        |   100 |   213 |    93 |    36 |       |       |       ||   442
       Plate armour      |       |       |       |   280 |   515 |   910 |   546 ||  2251
Dodge: Dodged            |    35 |    93 |    41 |    74 |   157 |   286 |   178 ||   864
       Deflected         |       |       |       |       |    17 |    11 |       ||    28
Block: Shield            |    61 |   150 |    93 |   235 |   641 |  1135 |   801 ||  3116
       Reflection        |       |       |       |       |       |     3 |    51 ||    54
